 Dungeon Crawl Stone Soup version 0.22.3-3-g34f245f157 (webtiles) character file.

236266 Morbidden the Brawler (level 18, -2/185 HPs)
             Began as a Troll Hunter on Aug 20, 2020.
             Was the Champion of Cheibriados.
             Shot with a bolt by a yaktaur (25 damage)
             ... on level 2 of the Vaults.
             The game lasted 01:09:53 (26159 turns).

Morbidden the Brawler (Troll Hunter)               Turns: 26159, Time: 01:09:53

Health: -2/185     AC: 14    Str: 49    XL:     18   Next: 93%
Magic:  27/27      EV: 15    Int: 29    God:    Cheibriados [******]
Gold:   2587       SH: 24    Dex: 23    Spells: 27/30 levels left

rFire    + . .     SeeInvis +     - Unarmed
rCold    x . .     Gourm    +   w - +0 large shield
rNeg     . . .     Faith    .   U - +4 troll leather armour {Snorg}
rPois    +         Spirit   .   a - +3 crown of Dyrovepreva {rElec Int+2 SInv}
rElec    +         Reflect  .   H - +2 cloak
rCorr    .         Harm     .   (gloves unavailable)
MR       ++...                  (boots unavailable)
Stlth    +++.......             z - amulet of regeneration
HPRegen  1.60/turn              q - ring "Sida" {rPois rC- Int+5 Slay+4 Stlth+}
MPRegen  0.20/turn              x - ring "Duvawnu" {rF+ MR+ Str+3 Dex-2 Slay+5}

@: corroded, very slow
A: large, unfitting armour, claws 3, fast metabolism 3, gourmand, regeneration
1, shaggy fur 1, tough skin 2
}: 1/15 runes: serpentine
a: Bend Time, Temporal Distortion, Slouch, Step From Time, Renounce Religion


You were on level 2 of the Vaults.
You worshipped Cheibriados.
Cheibriados was exalted by your worship.
You were not hungry.

You visited 6 branches of the dungeon, and saw 30 of its levels.
You also visited: Labyrinth, Bailey and Volcano.

You collected 3011 gold pieces.
You spent 424 gold pieces at shops.

Inventory:

Hand Weapons
 J - a +0 halberd
Missiles
 b - 31 tomahawks of returning
 c - 16 large rocks
 d - 4 throwing nets
 e - 6 exploding tomahawks
 g - 686 stones (quivered)
 j - 35 tomahawks
 O - 13 javelins
 T - 9 javelins of returning
Armour
 a - the +3 crown of Dyrovepreva (worn) {rElec Int+2 SInv}
   (You found it in a volcano)

   It affects your intelligence (+2).
   It insulates you from electricity.
   It lets you see invisible.
 w - a +0 large shield (worn)
 G - the +3 hat of Pondering {ponderous, MR+ MP+10 Int+5}
   (You acquired it in a bailey)

   It affects your intelligence (+5).
   It affects your resistance to hostile enchantments.
   It affects your magic capacity (+10).
 H - a +2 cloak (worn)
 U - a +4 troll leather armour (worn) {Snorg}
Jewellery
 q - the ring "Sida" (left claw) {rPois rC- Int+5 Slay+4 Stlth+}
   (You found it on level 15 of the Dungeon)

   [ring of stealth]

   It affects your intelligence (+5).
   It affects your accuracy and damage with ranged weapons and melee attacks
   (+4).
   It makes you vulnerable to cold.
   It protects you from poison.
   It makes you more stealthy.
 x - the ring "Duvawnu" (right claw) {rF+ MR+ Str+3 Dex-2 Slay+5}
   (You took it off a goblin on level 4 of the Dungeon)

   [ring of protection from magic]

   It affects your strength (+3).
   It affects your dexterity (-2).
   It affects your accuracy and damage with ranged weapons and melee attacks
   (+5).
   It protects you from fire.
   It affects your resistance to hostile enchantments.
 y - a +3 ring of evasion
 z - an amulet of regeneration (around neck)
 D - an uncursed amulet of regeneration
 M - an uncursed ring of protection from cold
Wands
 i - a wand of enslavement (16)
 C - a wand of clouds (9)
 E - a wand of flame (11)
 Q - a wand of iceblast (32)
 R - a wand of paralysis (37)
 S - a wand of disintegration (33)
Scrolls
 h - 13 scrolls of remove curse
 l - 11 scrolls of teleportation
 n - 8 scrolls of amnesia
 o - 4 scrolls of identify
 s - 4 scrolls of blinking
 u - 6 scrolls of enchant weapon
 v - 2 scrolls of fear
 K - 3 scrolls of magic mapping
 W - a scroll of enchant armour
Potions
 k - 3 potions of invisibility
 m - 2 potions of cancellation
 p - 3 potions of might
 r - 9 potions of curing
 t - a potion of ambrosia
 A - 2 potions of heal wounds
 B - 3 potions of flight {unknown}
 F - 7 potions of brilliance
 I - 2 potions of mutation
 N - 5 potions of resistance
 V - a potion of magic {unknown}
Miscellaneous
 L - 2 phantom mirrors
Comestibles
 f - 61 rations


   Skills:
 * Level 13.3 Fighting
 * Level 13.5 Throwing
 + Level 4.4 Armour
 + Level 8.4 Dodging
 + Level 1.6 Stealth
 + Level 10.6 Shields
 + Level 15.6 Unarmed Combat
 * Level 6.9 Spellcasting
 * Level 11.4 Invocations
 + Level 0.3 Evocations


You had 27 spell levels left.
You knew the following spells:

 Your Spells              Type           Power        Failure   Level  Hunger
z - Regeneration          Chrm/Necr      ##........   38%         3    None

Your spell library contained the following spells:

 Spells                   Type           Power        Failure   Level  Hunger
 Confusing Touch          Hex            ##....       14%         1    None
 Flame Tongue             Conj/Fire      ##...        14%         1    None
 Freeze                   Ice            ##..         14%         1    None
 Magic Dart               Conj           ##..         14%         1    None
 Sandblast                Erth           ##....       14%         1    None
 Summon Butterflies       Summ           ##......     14%         1    None
 Blink                    Tloc           N/A          22%         2    None
 Call Imp                 Summ           ##......     22%         2    None
 Passwall                 Tmut/Erth      ##......     22%         2    None
 Slow                     Hex            ##......     22%         2    None
 Song of Slaying          Chrm           ##......     22%         2    None
 Swiftness                Chrm/Air       ##......     22%         2    None
 Throw Flame              Conj/Fire      ##....       22%         2    None
 Throw Frost              Conj/Ice       ##....       22%         2    None
 Call Canine Familiar     Summ           ##......     38%         3    None
 Confuse                  Hex            ##......     38%         3    None
 Conjure Flame            Conj/Fire      ##......     38%         3    None
 Gell's Gravitas          Tloc           ##........   38%         3    None
 Ignite Poison            Fire/Tmut/Pois ##......     38%         3    None
 Inner Flame              Hex/Fire       ##......     38%         3    None
 Mephitic Cloud           Conj/Pois/Air  ##......     38%         3    None
 Ozocubu's Armour         Chrm/Ice       ##......     38%         3    None
 Spectral Weapon          Hex/Chrm       ##......     38%         3    None
 Stone Arrow              Conj/Erth      ##....       38%         3    None
 Ice Form                 Ice/Tmut       ##......     80%         4    ##.....
 Petrify                  Tmut/Erth      ##......     80%         4    ##.....
 Sticky Flame             Conj/Fire      ##......     80%         4    ##.....
 Summon Ice Beast         Ice/Summ       ##......     80%         4    ##.....
 Summon Lightning Spire   Summ/Air       ##......     80%         4    ##.....
 Throw Icicle             Conj/Ice       ##......     80%         4    ##.....
 Bolt of Magma            Conj/Fire/Erth ##........   98%         5    ####...
 Fireball                 Conj/Fire      ##........   98%         5    ####...
 Iskenderun's Battlesphe  Conj/Chrm      ##......     98%         5    ####...
 Lee's Rapid Deconstruct  Erth           ##........   98%         5    ####...
 Metabolic Englaciation   Hex/Ice        ##........   98%         5    ####...
 Silence                  Hex/Air        ##........   98%         5    ####...
 Summon Mana Viper        Hex/Summ       ##......     98%         5    ####...
 Venom Bolt               Conj/Pois      ##........   98%         5    ####...
 Yara's Violent Unravell  Hex/Tmut       ##........   98%         5    ####...
 Bolt of Cold             Conj/Ice       ##........   100%        6    ######.
 Bolt of Fire             Conj/Fire      ##........   100%        6    ######.
 Conjure Ball Lightning   Conj/Air       ##........   100%        6    ######.
 Deflect Missiles         Chrm/Air       ##........   100%        6    ######.
 Freezing Cloud           Conj/Ice/Air   ##........   100%        6    ######.
 Iron Shot                Conj/Erth      ##........   100%        6    ######.
 Ozocubu's Refrigeration  Ice            ##........   100%        6    ######.
 Simulacrum               Ice/Necr       ##........   100%        6    ######.
 Orb of Destruction       Conj           ##........   100%        7    #######
 Spellforged Servitor     Conj/Summ      ##........   100%        7    #######
 Summon Hydra             Summ           ##........   100%        7    #######
 Tornado                  Air            ##........   100%        9    #######


Dungeon Overview and Level Annotations

Branches:
Dungeon (15/15)            Temple (1/1) D:5            Lair (6/6) D:9
 Shoals (0/4) Lair:2        Snake (4/4) Lair:2        Slime (0/5) Lair:6
    Orc (2/2) D:10            Elf (0/3) Orc:2        Vaults (2/5) D:14
 Depths (0/5) D:15
  Crypt: Vaults:2-3

Altars:
Ashenzari
Cheibriados
Dithmenos
Elyvilon
Fedhas
Gozag
Hepliaklqana
Kikubaaqudgha
Makhleb
Nemelex Xobeh
Okawaru
Qazlal
Ru
Sif Muna
Trog
Uskayaw
Vehumet
Wu Jian
Xom
Yredelemnul
Zin
The Shining One

Shops:
D:7 =   D:10 *   D:15 [   Orc:1 [   Orc:2 (=[**   Vaults:1 [:%[


Innate Abilities, Weirdness & Mutations

You are too large for most types of armour.
You have claws for hands.
Your metabolism is lightning-fast.
You like to eat raw meat.
Your natural rate of healing is unusually fast.
You are covered in fur. (AC +1)
You have very tough skin. (AC +2)


Message History

The yaktaur is almost dead.
The yaktaur shoots a bolt.
The bolt hits you!
* * * LOW HITPOINT WARNING * * *
Unknown command.
Unknown command.
Unknown command.
Unknown command.
Unknown command.
Unknown command.
Evoke which item? (* to show all) (? for menu, Esc to quit)
Aiming: Iceblast
Press: ? - help, Shift-Dir - straight line, f/p - yaktaur
Aim: a yaktaur, wielding an arbalest (almost dead)
The mass of ice explodes!
The iceblast engulfs the yaktaur.
You kill the yaktaur!
Cheibriados appreciates the change of pace.
The iceblast engulfs the yaktaur.
The yaktaur is heavily wounded.
The yaktaur shoots a bolt.
The bolt hits you!!
You die...

.....# .....#
.....# .....#
.....#
###########(.>..#
.......[..)†....#
....)c.)@((.....#
....().).(.(....#
.(......((......#
.......([)......#
########+########
#.......##
##.......##
##.......## ###
##....>..##


You could see a yaktaur.

Vanquished Creatures
  Boris (Vaults:2)
  Vashnia (Snake:4)
  Saint Roka (Snake:4)
  Nikola (Snake:2)
  Rupert (Lair:6)
  A sphinx (Vaults:1)
  Kirke (Snake:2)
  15 nagarajas
  3 orc warlords
  The ghost of TheNamelessOne the Severer, a journeyman FoFi of Okawaru (D:15)
  3 vault wardens
  Louise (D:14)
  2 stone giants
  5 ironheart preservers
  A war gargoyle (Vaults:1)
  Azrael (D:12)
  A deep elf annihilator (Vaults:1)
  A minotaur (Lab)
  5 dire elephants (Lair:6)
  The ghost of lids the Ninja, a journeyman SpEn of Dithmenos (D:15)
  The ghost of Femoxoc the Cleaver, a journeyman GrFi of Okawaru (D:15)
  Snorg (Lair:6)
  A fire dragon (Vaults:2)
  2 deep elf death magi (Vaults:1)
  Fannar (D:11)
  12 naga warriors
  The ghost of Ochaefi the Eclecticist, a journeyman DECj of Gozag (D:15)
  6 hydras
  8 vault guards
  A rakshasa (D:15)
  A catoblepas (D:11)
  10 two-headed ogres
  7 centaur warriors
  A death yak (Lair:6)
  A dancing weapon (Volcano)
  9 anacondas
  4 ogre magi
  A deep troll shaman (Vaults:2)
  A deep troll earth mage (Vaults:1)
  A tengu warrior (D:13)
  Urug (D:13)
  19 naga sharpshooters
  9 shock serpents
  4 orc high priests (Orc:2)
  2 deep elf knights (Vaults:1)
  A large abomination (Vaults:1)
  A salamander mystic (Snake:4)
  Sonja (Lair:2)
  8 skeletal warriors
  2 shadow wraiths
  4 unseen horrors
  8 wizards
  A glowing orange brain (Vaults:1)
  7 deep trolls (Vaults:1)
  3 deep elf archers
  7 naga ritualists
  A harpy (Vaults:1)
  7 orc knights
  An ironbrand convoker (Vaults:1)
  7 mana vipers
  A harpy (shapeshifter) (Vaults:1)
  4 oklob plants (Lair:6)
  5 deep elf magi
  14 ugly things
  5 orc sorcerers
  4 salamanders
  A wolf spider (Vaults:1)
  A manticore (D:15)
  A cyclops (Vaults:1)
  22 elephants
  19 guardian serpents
  5 toenail golems (Volcano)
  16 naga magi
  5 vault sentinels
  31 black mambas
  6 spiny frogs
  A gargoyle (D:14)
  A minotaur zombie (Lab)
  2 rime drakes
  8 yaktaurs
  A freezing wraith (Vaults:1)
  3 komodo dragons
  A tengu conjurer (D:13)
  A queen bee (Lair:3)
  A meliai (shapeshifter) (Vaults:1)
  9 trolls
  3 hornets
  Prince Ribbit (D:6)
  2 polar bears
  3 blink frogs (Lair:5)
  5 slime creatures
  13 hippogriffs
  A spriggan (D:7)
  A vampire (D:14)
  2 water elementals (D:15)
  3 wraiths
  37 yaks
  2 shadows
  5 wyverns
  A hungry ghost (D:11)
  5 hogs (Snake:2)
  2 fire elementals (D:12)
  2 basilisks (Lair:6)
  3 vampire mosquitoes (D:13)
  2 soldier ants (D:14)
  46 nagas
  3 wargs
  5 hell hounds (D:12)
  9 water moccasins
  A swamp drake (D:10)
  6 porcupines
  7 ice beasts
  A sky beast (D:15)
  43 orc warriors
  17 ogres
  5 phantoms
  4 wolves (Lair:2)
  A hornet zombie (D:12)
  8 centaurs
  10 crocodiles
  16 bullfrogs
  Blork the orc (D:3)
  3 big kobolds
  A gnoll sergeant (D:11)
  5 scorpions
  A wyvern skeleton (D:14)
  24 killer bees (Lair:3)
  20 wights
  4 howler monkeys
  4 electric eels
  4 crimson imps
  2 centaur zombies
  A human simulacrum (Vaults:1)
  7 hounds
  A quasit (D:9)
  19 orc priests
  4 bullfrog skeletons
  5 centaur skeletons
  27 orc wizards
  8 jellies
  4 iguanas
  11 hell rats
  9 worker ants
  A worker ant zombie (D:10)
  2 howler monkey skeletons
  4 gnolls (D:11)
  12 adders
  4 river rats (Lair:5)
  4 shadow imps
  4 oozes
  2 adder skeletons
  4 adder zombies
  2 worms
  5 dart slugs
  6 leopard geckos
  101 orcs
  5 bats
  3 giant cockroaches
  24 goblins
  16 hobgoblins
  3 jackals (D:3)
  30 kobolds
  5 quokkas
  2 ball pythons
  5 frilled lizards
  A quokka skeleton (D:4)
  11 rats
  A crawling corpse (Vaults:1)
  4 plants (Lair:6)
1080 creatures vanquished.

Vanquished Creatures (others)
  4 naga sharpshooters
  2 hogs (Snake:2)
  A centaur (Vaults:2)
  6 fungi
  8 plants
21 creatures vanquished.

Grand Total: 1101 creatures vanquished

Notes
Turn   | Place    | Note
-------+----------+-------------------------------------------
     0 | D:1      | Morbidden the Troll Hunter began the quest for the Orb.
     0 | D:1      | Reached XP level 1. HP: 19/19 MP: 0/0
   327 | D:1      | Reached XP level 2. HP: 27/27 MP: 1/1
   949 | D:2      | Reached XP level 3. HP: 20/35 MP: 2/2
  1025 | D:2      | Found a deep blue altar of Sif Muna.
  1025 | D:2      | Found a sparkling altar of Nemelex Xobeh.
  1278 | D:2      | Reached skill level 1 in Unarmed Combat
  1445 | D:2      | Found a sacrificial altar of Ru.
  1519 | D:3      | Reached XP level 4. HP: 42/42 MP: 3/3
  2030 | D:3      | Noticed Blork the orc
  2036 | D:3      | Found a deep blue altar of Sif Muna.
  2230 | D:4      | Got a steaming spear
  2231 | D:4      | Identified the +4 spear "Resucy" {pierce, +Rage rF+ Dex+3}
                  | (You found it on level 4 of the Dungeon)
  2247 | D:4      | Reached XP level 5. HP: 44/49 MP: 4/4
  2291 | D:4      | Found an iron altar of Okawaru.
  2305 | D:4      | Reached skill level 2 in Unarmed Combat
  2324 | D:4      | Got a slimy dagger
  2325 | D:4      | Identified the +8 dagger of Conversion {speed, Str+3} (You
                  | found it on level 4 of the Dungeon)
  2359 | D:4      | Identified the Tome of Boosts
  2416 | D:4      | Reached skill level 3 in Unarmed Combat
  2416 | D:4      | Reached XP level 6. HP: 38/59 MP: 5/5
  2430 | D:4      | Reached skill level 5 in Throwing
  2607 | D:4      | Got a glittering jade ring
  2627 | D:4      | Identified the ring "Duvawnu" {rF+ MR+ Str+3 Dex-2 Slay+5}
                  | (You took it off a goblin on level 4 of the Dungeon)
  2886 | D:5      | Entered Level 5 of the Dungeon
  2921 | D:5      | Reached XP level 7. HP: 62/67 MP: 6/6
  3026 | D:5      | Reached skill level 4 in Unarmed Combat
  3459 | D:5      | Found a staircase to the Ecumenical Temple.
  3807 | D:5      | Reached skill level 1 in Shields
  3870 | Temple   | Entered the Ecumenical Temple
  3927 | Temple   | Became a worshipper of Cheibriados the Contemplative
  4129 | D:6      | Reached skill level 1 in Invocations
  4129 | D:6      | Reached XP level 8. HP: 78/78 MP: 7/7
  4204 | D:6      | Reached skill level 5 in Unarmed Combat
  4383 | D:6      | Noticed Prince Ribbit
  4395 | D:6      | Killed Prince Ribbit
  4444 | D:6      | Reached * piety under Cheibriados
  4517 | D:6      | Found a white marble altar of Elyvilon.
  5209 | D:3      | Killed Blork the orc
  5226 | D:3      | You fall through a shaft for 2 floors!
  5340 | D:7      | Noticed a hippogriff
  5351 | D:7      | Killed a hippogriff
  5351 | D:7      | Reached skill level 6 in Unarmed Combat
  5351 | D:7      | Reached XP level 9. HP: 68/85 MP: 8/10
  5559 | D:7      | Found a hazy altar of Hepliaklqana.
  5559 | D:7      | Found a glowing golden altar of the Shining One.
  5618 | D:7      | Reached ** piety under Cheibriados
  5722 | D:7      | Found Qitoef's Jewellery Shop.
  5901 | D:8      | Found a bloodstained altar of Trog.
  5998 | D:8      | Reached skill level 7 in Unarmed Combat
  6732 | D:9      | Found a staircase to the Lair.
  6783 | D:9      | Reached skill level 5 in Fighting
  6885 | D:9      | Found a flagged portal.
  6902 | Bailey   | Entered a bailey
  6908 | Bailey   | Noticed an orc warlord
  7064 | Bailey   | Found a runed gate.
  7064 | Bailey   | Found a runed gate.
  7081 | Bailey   | Found a runed gate.
  7107 | Bailey   | Reached skill level 8 in Unarmed Combat
  7141 | Bailey   | Reached *** piety under Cheibriados
  7271 | Bailey   | Killed an orc warlord
  7271 | Bailey   | Reached XP level 10. HP: 96/96 MP: 10/12
  7299 | Bailey   | Identified a scroll of acquirement
  7300 | Bailey   | Found the +3 hat of Pondering {ponderous, MR+ MP+10 Int+5}
  7343 | Bailey   | Reached XP level 11. HP: 117/117 MP: 13/13
  7933 | D:9      | Reached **** piety under Cheibriados
  7933 | D:9      | Reached skill level 9 in Unarmed Combat
  8147 | D:10     | Entered Level 10 of the Dungeon
  8230 | D:10     | Reached skill level 10 in Fighting
  8378 | D:10     | Reached ***** piety under Cheibriados
  8518 | D:10     | Found Icleam's Assorted Antiques.
  8650 | D:10     | Found a stormy altar of Qazlal.
  8744 | D:10     | Reached skill level 5 in Dodging
  8878 | D:10     | Found a staircase to the Orcish Mines.
  9009 | D:11     | Reached skill level 10 in Unarmed Combat
  9115 | D:11     | Noticed Fannar
  9118 | D:11     | Noticed a five-headed hydra
  9128 | D:11     | Killed Fannar
  9128 | D:11     | Reached skill level 5 in Invocations
  9128 | D:11     | Reached XP level 12. HP: 99/126 MP: 14/14
  9129 | D:11     | Noticed a catoblepas
  9129 | D:11     | a five-headed hydra changed into a catoblepas
  9138 | D:11     | Killed a catoblepas
  9157 | D:11     | Reached skill level 1 in Armour
  9614 | D:12     | Noticed a two-headed ogre
  9620 | D:12     | Killed a two-headed ogre
  9771 | D:12     | Noticed Azrael
  9778 | D:12     | Killed Azrael
  9894 | D:12     | Reached skill level 11 in Unarmed Combat
  9900 | D:12     | Noticed a two-headed ogre
  9905 | D:12     | Killed a two-headed ogre
 10031 | D:12     | Reached skill level 5 in Shields
 10042 | D:12     | Noticed a two-headed ogre
 10046 | D:12     | Killed a two-headed ogre
 10079 | D:12     | Reached ****** piety under Cheibriados
 10445 | D:13     | Noticed a two-headed ogre
 10453 | D:13     | Killed a two-headed ogre
 10558 | D:13     | Learned a level 3 spell: Regeneration
 10722 | D:13     | Reached XP level 13. HP: 135/135 MP: 16/16
 10810 | D:13     | Noticed Urug
 10821 | D:13     | Killed Urug
 11314 | D:14     | Reached skill level 1 in Spellcasting
 11550 | D:14     | Found a gate to the Vaults.
 11689 | D:14     | Noticed Louise
 11707 | D:14     | Killed Louise
 12294 | D:15     | Entered Level 15 of the Dungeon
 12323 | D:15     | Reached skill level 12 in Unarmed Combat
 12440 | D:15     | Found Xohan's Armour Emporium.
 12530 | D:15     | Reached XP level 14. HP: 138/146 MP: 18/18
 12543 | D:15     | Found a staircase to the Depths.
 12981 | D:15     | Reached skill level 10 in Throwing
 13152 | D:15     | Found a runed gate.
 13152 | D:15     | Found a runed gate.
 13153 | D:15     | Found a runed gate.
 13180 | D:15     | Noticed Ochaefi's ghost (journeyman DECj)
 13181 | D:15     | Noticed lids's ghost (journeyman SpEn)
 13181 | D:15     | Noticed TheNamelessOne's ghost (journeyman FoFi)
 13181 | D:15     | Noticed Femoxoc's ghost (journeyman GrFi)
 13199 | D:15     | Killed TheNamelessOne's ghost
 13209 | D:15     | Killed lids's ghost
 13221 | D:15     | Killed Femoxoc's ghost
 13225 | D:15     | Killed Ochaefi's ghost
 13243 | D:15     | Got an ancient marble ring
 13251 | D:15     | Identified the ring "Sida" {rPois rC- Int+5 Slay+4 Stlth+}
                  | (You found it on level 15 of the Dungeon)
 13584 | Lair:1   | Entered Level 1 of the Lair of Beasts
 14402 | Lair:2   | Found a staircase to the Snake Pit.
 14494 | Lair:2   | Noticed Sonja
 14501 | Lair:2   | Killed Sonja
 14721 | Lair:2   | Found a staircase to the Shoals.
 14884 | Lair:3   | Reached skill level 13 in Unarmed Combat
 14895 | Lair:3   | Reached XP level 15. HP: 112/154 MP: 20/20
 14907 | Lair:3   | Found the +4 dagger "Morg" {pain, MR+ Int+5}
 15606 | Lair:4   | Found a labyrinth entrance.
 15620 | Lab      | Entered a labyrinth
 15696 | Lab      | Got a bound gossamer ring
 15803 | Lair:4   | Found a dark tunnel.
 15808 | Volcano  | Entered a volcano
 15810 | Volcano  | Identified the ring of Jezxat {AC+3 Dex+2} (You found it in
                  | a labyrinth)
 15894 | Volcano  | Found the +3 crown of Dyrovepreva {rElec Int+2 SInv}
 17640 | Lair:6   | Entered Level 6 of the Lair of Beasts
 17804 | Lair:6   | Found a staircase to the Slime Pits.
 17968 | Lair:6   | Got a shimmering jade ring
 17969 | Lair:6   | Identified the cursed ring of the Endless Tables {*Corrode
                  | +Blink rPois rF++ Int-5} (You found it on level 6 of the
                  | Lair of Beasts)
 18099 | Lair:6   | Noticed Snorg
 18106 | Lair:6   | Killed Snorg
 18237 | Lair:6   | Noticed Rupert
 18247 | Lair:6   | Killed Rupert
 18620 | Lair:6   | Identified the Reference Book on Fire
 19016 | Orc:1    | Entered Level 1 of the Orcish Mines
 19023 | Orc:1    | Found Xifibanu's Armour Shoppe.
 19369 | Orc:2    | Entered Level 2 of the Orcish Mines
 19383 | Orc:2    | Found Daav's General Store.
 19426 | Orc:2    | Bought 4 large rocks for 39 gold pieces
 19528 | Orc:2    | Noticed an orc warlord
 19545 | Orc:2    | Killed an orc warlord
 19733 | Orc:2    | Found a staircase to the Elven Halls.
 19860 | Orc:2    | Reached XP level 16. HP: 162/165 MP: 21/21
 20063 | Orc:2    | Found Niruatel's Antique Armour Boutique.
 20064 | Orc:2    | Found Rikeg's Antique Weapon Shop.
 20065 | Orc:2    | Found Ymuarome's General Store.
 20065 | Orc:2    | Found Woshrad's Jewellery Boutique.
 20069 | Orc:2    | Bought a potion of heal wounds for 55 gold pieces
 20538 | Snake:1  | Entered Level 1 of the Snake Pit
 21305 | Snake:2  | Noticed Nikola
 21310 | Snake:2  | Noticed Kirke
 21326 | Snake:2  | Killed Nikola
 21326 | Snake:2  | Reached skill level 14 in Unarmed Combat
 21332 | Snake:2  | Killed Kirke
 21336 | Snake:2  | Reached skill level 5 in Spellcasting
 22850 | Snake:3  | Reached skill level 10 in Invocations
 22952 | Snake:3  | Reached skill level 1 in Stealth
 23144 | Snake:4  | Entered Level 4 of the Snake Pit
 23149 | Snake:4  | Reached XP level 17. HP: 172/175 MP: 24/24
 23210 | Snake:4  | Noticed Vashnia
 23230 | Snake:4  | HP: 8/175 [naga warrior/dire flail (19)]
 23292 | Snake:4  | Found a shimmering altar of Xom.
 23344 | Snake:4  | Noticed Saint Roka
 23358 | Snake:4  | Killed Saint Roka
 24174 | Snake:4  | Got a serpentine rune of Zot
 24266 | Snake:4  | Reached skill level 15 in Unarmed Combat
 24270 | Snake:4  | Reached XP level 18. HP: 185/185 MP: 26/26
 24316 | Snake:4  | Killed Vashnia
 24776 | D:7      | Bought an uncursed amulet of regeneration for 330 gold
                  | pieces
 24960 | Vaults:1 | Entered Level 1 of the Vaults
 24972 | Vaults:1 | Found Seran's Armour Boutique.
 25047 | Vaults:1 | Reached skill level 10 in Shields
 25465 | Vaults:1 | Found Xariunn's Book Emporium.
 25465 | Vaults:1 | Found Caycw's Armour Emporium.
 25491 | Vaults:1 | Found Loyroledgh's Food Emporium.
 25803 | Vaults:1 | Found an ornate altar of the Wu Jian Council.
 26043 | Vaults:2 | Noticed Boris
 26050 | Vaults:2 | Killed Boris
 26159 | Vaults:2 | Shot with a bolt by a yaktaur

Skill      XL: |  1  2  3  4  5  6  7  8  9 10 11 12 13 14 15 16 17 18 |
---------------+-------------------------------------------------------+-----
Throwing       | 4 5 7 8 9 10 11 12 13 | 13.5
Unarmed Combat | 1 3 4 6 8 10 11 12 13 14 15 | 15.6
Dodging        | 2 3 4 5 6 7 8 |  8.4
Fighting       | 2 3 4 5 9 10 11 12 13 | 13.3
Shields        | 1 2 3 4 5 6 7 8 9 10 | 10.6
Invocations    | 1 2 4 5 6 7 8 9 10 11 | 11.4
Armour         | 2 3 4 |  4.4
Spellcasting   | 2 3 4 5 6 |  6.9
Stealth        | 1 |  1.6
Evocations     | |  0.3

Action                   |  1- 3 |  4- 6 |  7- 9 | 10-12 | 13-15 | 16-18 || total
-------------------------+-------+-------+-------+-------+-------+-------++-------
Melee: Unarmed           |    92 |    82 |   203 |   421 |   807 |   737 ||  2342
       Punch             |       |     2 |       |       |       |       ||     2
       Dagger            |       |    59 |       |       |       |       ||    59
Throw: Stone             |    73 |    32 |   105 |    78 |   295 |   210 ||   793
       Large rock        |       |     4 |     4 |     3 |     1 |    13 ||    25
       Tomahawk          |       |       |    10 |       |    51 |    51 ||   112
       Throwing net      |       |       |     2 |       |       |       ||     2
       Javelin           |       |       |       |       |       |    13 ||    13
Invok: Slouch            |       |       |       |     3 |     4 |    19 ||    26
Evoke: Wand              |       |       |     5 |     1 |     3 |     3 ||    12
  Use: Scroll            |       |     4 |    16 |     2 |    15 |     8 ||    45
       Potion            |       |       |     1 |     7 |       |     8 ||    16
 Stab: Sleeping          |       |       |     1 |     2 |    10 |     5 ||    18
       Distracted        |       |       |       |     1 |       |     1 ||     2
  Eat: Chunk             |    15 |    14 |    22 |    28 |    64 |    20 ||   163
       Ration            |       |       |     1 |       |     4 |     6 ||    11
Armor: Robe              |    66 |    45 |    41 |    28 |       |       ||   180
       Troll leather arm |       |       |       |    49 |   133 |   132 ||   314
Dodge: Dodged            |    85 |    87 |   101 |   221 |   401 |   218 ||  1113
Block: Shield            |       |    16 |   123 |   290 |    58 |       ||   487
       Large shield      |       |       |       |       |   839 |  1048 ||  1887
       Reflection        |       |       |       |       |     2 |   119 ||   121
